AoeStats
← |GaoeG| flamingo

MegaRandom

510334209Analyzed
3v3 RM · 10h ago on Sep 30, 2026· 45m 23s· 6 players
Game mode
Random Map
Map size
Normal (6 player)
Population
200
Speed
Normal
Resources
Standard
Victory
Conquest
Starting age
Dark Age
Ending age
Imperial Age
RankedLock teamsTeams togetherTeam positionsShared explorationLock speedFull tech treeHidden civsTurbo modeCheats
Victory
Defeat
🇪🇸 Berbers · Spain
1267
+13
🇪🇸 Khmer · Spain
1252
+14
🇪🇸 Franks · Spain
964
+26
🇭🇰 Vietnamese · Hong Kong SAR China
1208
-18
🇭🇰 Jurchens · Hong Kong SAR China
1194
-18
🇭🇰 Persians · Hong Kong SAR China
1193
-17
SuterOne
5:23 Loom
10:04 Feudal Age
10:32 Double-Bit Axe
18:10 Castle Age
20:22 Wheelbarrow
20:32 Town Watch
21:31 Husbandry
21:26 Horse Collar
27:01 Bow Saw
28:47 Fletching
30:50 Bloodlines
34:33 Imperial Age
31:56 Light Cavalry
33:17 Scale Barding Armor
33:24 Forging
35:01 Heavy Plow
35:37 Conscription
38:03 Chemistry
38:56 Double Crossbow
39:43 Chain Barding Armor
41:13 Iron Casting
44:48 Plate Barding Armor
44:10 Bodkin Arrow
44:28 Arson
45:45 Blast Furnace
45:02 Elite Ballista Elephant
|GaoeG| flamingo
11:24 Feudal Age
9:44 Loom
11:30 Feudal Age
13:22 Double-Bit Axe
15:55 Castle Age
13:44 Horse Collar
14:38 Fletching
15:34 Town Watch
18:09 Bow Saw
19:59 Gold Mining
27:01 Kasbah
27:11 Heavy Plow
28:44 Wheelbarrow
28:57 Bodkin Arrow
30:19 Hand Cart
33:41 Imperial Age
35:17 Conscription
35:41 Town Patrol
36:00 Bracer
36:39 Gold Shaft Mining
38:01 Ballistics
38:42 Chemistry
38:12 Bloodlines
38:02 Husbandry
38:31 Padded Archer Armor
38:36 Scale Barding Armor
38:05 Light Cavalry
39:22 Hussar
40:37 Chain Barding Armor
40:33 Leather Archer Armor
40:25 Maghrebi Camels
42:32 Plate Barding Armor
42:09 Forging
44:32 Ring Archer Armor
45:20 Iron Casting
claran33
2:43 Loom
9:03 Loom
10:55 Feudal Age
12:17 Double-Bit Axe
21:36 Scale Mail Armor
22:16 Gold Mining
23:09 Wheelbarrow
26:06 Castle Age
27:43 Pikeman
32:26 Scale Barding Armor
32:32 Forging
33:28 Chain Mail Armor
34:04 Forging
34:04 Scale Barding Armor
34:25 Stone Mining
37:30 Chain Barding Armor
38:32 Bow Saw
39:07 Forging
42:11 Imperial Age
42:13 Cavalier
43:59 Plate Barding Armor
45:20 Capped Ram
StarShooter
8:30 Loom
10:15 Feudal Age
14:42 Double-Bit Axe
17:36 Castle Age
20:49 Fletching
22:15 Bodkin Arrow
24:11 Padded Archer Armor
27:40 Ballistics
27:38 Gold Mining
28:42 Leather Archer Armor
32:44 Wheelbarrow
37:52 Imperial Age
35:11 Horse Collar
36:28 Masonry
36:49 Hand Cart
38:03 Elite Rattan Archer
39:10 Bracer
41:21 Chemistry
41:36 Light Cavalry
42:28 Bloodlines
44:12 Husbandry
44:46 Ring Archer Armor
44:22 Scale Barding Armor
44:28 Forging
onioncwc
7:11 Loom
9:37 Feudal Age
11:00 Double-Bit Axe
14:01 Scale Barding Armor
17:50 Horse Collar
24:06 Castle Age
22:18 Gold Mining
23:53 Fletching
24:58 Bodkin Arrow
25:26 Bloodlines
25:38 Bow Saw
27:37 Wheelbarrow
27:31 Padded Archer Armor
33:41 Heavy Plow
35:01 Leather Archer Armor
35:42 Husbandry
40:16 Imperial Age
41:35 Ballistics
43:18 Chemistry
42:20 Bracer
44:10 Crop Rotation
FlameX
10:49 Feudal Age
13:46 Loom
16:56 Castle Age
20:21 Double-Bit Axe
27:53 Bloodlines
29:53 Scale Barding Armor
29:59 Forging
34:29 Bow Saw
34:01 Horse Collar
42:40 Imperial Age
40:47 Kamandaran
40:59 Gold Mining
41:11 Heavy Plow
41:38 Chain Barding Armor
41:53 Iron Casting
42:23 Husbandry
42:41 Cavalier
44:31 Wheelbarrow
44:59 Crop Rotation
45:10 Conscription
Connection lost

Rejoining the realm…

Still unreachable

The connection could not be restored.

Session expired

The server has moved on; the page needs a fresh start.